 Dungeon Crawl Stone Soup version 0.30.1-11-g7821555f0a (webtiles) character file.

Game seed: 13650150649429106264

28439 draconitix the Severer (level 13, -3/119 HPs)
             Began as a Minotaur Berserker on Nov 14, 2023.
             Was a High Priest of Trog.
             Slain by a redback (12 damage)
             ... on level 2 of the Spider Nest on Nov 15, 2023.
             The game lasted 00:47:56 (9494 turns).

draconitix the Severer (Minotaur Berserker)         Turns: 9494, Time: 00:47:58

Health: -3/119     AC: 13    Str: 27    XL:     13   Next: 9%
Magic:  12/12      EV: 15    Int:  4    God:    Trog [*****.]
Gold:   136        SH:  0    Dex: 10    Spells: 12/12 levels left

rFire   . . .        k - +16 obsidian axe {drain, demonic, Mesm Drain Fly SInv}
rCold   . . .        (no shield)
rNeg    . . .        f - +1 chain mail
rPois   .            (helmet restricted)
rElec   .            m - scarf {repulsion}
rCorr   .            (no gloves)
SInv    +            (no boots)
Will    ++...        h - amulet of faith Stlth
                     q - +5 ring of evasion
HPRegen 1.39/turn    D - ring of see invisible
MPRegen 0.13/turn

%: repel missiles, faith
@: lethally poisoned (-3 -> -10), strong-willed, flying, regenerating, slowed,
very slow
A: horns 2, retaliatory headbutt
a: Renounce Religion, Berserk, Trog's Hand, Brothers in Arms


You were on level 2 of the Spider Nest.
You worshipped Trog.
Trog was extremely pleased with you.
You visited 3 branches of the dungeon, and saw 14 of its levels.

You collected 460 gold pieces.
You spent 324 gold pieces at shops.

Inventory:

Hand Weapons
 c - a +0 sling
 k - the +16 obsidian axe (weapon) {drain, demonic, Mesm Drain Fly SInv}
   (You acquired it on level 4 of the Dungeon)

   Mesm:      Its wielder is mesmerised by any visible foes, and it cannot be
   unequipped while any foes are visible.
   SInv:      It lets you see invisible.
   Fly:       It grants you flight.
   Drain:     It drains your maximum health when unequipped.
 F - a +1 heavy hand axe
 O - a +1 antimagic battleaxe
Missiles
 d - 60 stones (quivered)
 i - 2 throwing nets
 l - 31 poisoned darts
Armour
 b - a +0 animal skin
 f - a +1 chain mail (worn)
 m - a scarf of repulsion (worn)
 v - a +2 robe of fire resistance
 B - a +0 troll leather armour
Jewellery
 h - an amulet of faith (around neck)
 q - a +5 ring of evasion (left hand)
 w - a ring of poison resistance
 A - a ring of resist corrosion
 D - a ring of see invisible (right hand)
 K - a ring of fire
Wands
 M - a wand of roots (7)
Scrolls
 a - 4 scrolls of blinking
 g - 2 scrolls of silence
 n - 3 scrolls of identify
 o - 2 scrolls of enchant armour
 r - a scroll of brand weapon {unknown}
 u - 2 scrolls of poison
 y - a scroll of acquirement
 z - 5 scrolls of teleportation
 C - a scroll of enchant weapon
 J - 3 scrolls of torment
 L - a scroll of vulnerability {unknown}
Potions
 e - 3 potions of degeneration
 j - 2 potions of cancellation {unknown}
 s - 2 potions of curing {unknown}
 t - a potion of haste {unknown}
 x - a potion of brilliance {unknown}
 E - a potion of flight {unknown}
 G - a potion of mutation {unknown}
 H - a potion of attraction {unknown}
 I - 2 potions of lignification {unknown}
 N - a potion of magic {unknown}


   Skills:
 + Level 12.8 Fighting
 - Level 20.0 Axes
 + Level 12.5 Armour
 - Level 2.2 Dodging


You had 12 spell levels left.
You didn't know any spells.
Your spell library contained the following spells:

 Spells                   Type           Power      Damage    Failure   Level
 Manifold Assault         Tloc           0%         N/A       100%        4
 Dispersal                Tloc           0%         N/A       100%        6
 Disjunction              Tloc           0%         N/A       100%        8


Dungeon Overview and Level Annotations

Branches:
Dungeon (10/15)            Temple (0/1) D:7            Lair (2/5) D:10
 Spider (2/4) Lair:2
  Swamp: Lair:2-3    Shoals: Lair:2-3       Orc: D:9-12

Altars:
Xom

Shops:
D:1 :   D:6 ?   D:9 *   D:10 ?

Portals:
Ossuary: D:5

Annotations:
Spider:1 1 runed translucent door, mkat's ghost, journeyman SpSu


Innate Abilities, Weirdness & Mutations

You have a pair of horns on your head.
You reflexively headbutt those who attack you in melee.


Message History

The tarantella barely misses your chaos spawn.
The orb of destruction hits your smoke demon!!!
Your smoke demon is blown up!
Your smoke demon disappears in a puff of smoke!
The culicivora barely misses you. You furiously retaliate!
You headbutt the culicivora!
Your red devil hits the tarantella from afar with a +2 demon trident of venom!
The tarantella is skewered by barbed spikes.
The tarantella looks as sick as possible!
Your skin crawls.
You feel strong-willed.
You feel extremely sick.
The tarantella touches your chaos spawn!
Your chaos spawn dies!
Your chaos spawn degenerates into a cloud of primal chaos!
The tarantella touches you!
* * * LOW HITPOINT WARNING * * *
You are confused.
The culicivora barely misses you.
The tarantella is engulfed in seething chaos.
The tarantella suddenly seems more agile.
The tarantella touches your red devil! The tarantella touches you!
* * * LOW HITPOINT WARNING * * *
The tarantella is engulfed in seething chaos.
The tarantella touches your red devil.
Your red devil misses the tarantella.
Okay, then.
Visions of slaying the tarantella flood into your mind.
Your confusion fades away as the thirst for blood takes over your mind.
* * * LOW HITPOINT WARNING * * *
You feel extremely sick.
The tarantella dies!
Trog accepts your kill.
You are no longer entranced.
The tarantella dies!
Trog accepts your kill. The redback completely misses you.
Your rust devil hits the orb spider.
The orb spider seems to be corroded for longer.
The culicivora bites you but does no damage.
The redback bites you!
You die...

...............##..##
.........^.....##..#
......†........#.###
.......†..:<..†...#
.......^.....^...##
............†.....#
.............†.....#
..........§4.........
.........w@.°..##....$
.(.......ss†4s.......^
$...^....°.......$
.........s......
.............##.
...............
...............
...............


You could see a torpor snail, 2 orb spiders, a culicivora, a redback, a friendly
rust devil (summoned, slow) and a friendly red devil (summoned, slow).

Vanquished Creatures
  Gastronok (D:9)
  2 entropy weavers (Spider:1)
  Erica (D:8)
  A boulder beetle (Spider:2)
  2 orb spiders
  6 wolf spiders
  A moth of wrath (Spider:1)
  3 demonic crawlers (Spider:1)
  A cane toad (Lair:2)
  A torpor snail (Spider:1)
  An unseen horror (D:10)
  2 komodo dragons (Lair:1)
  3 trolls
  Prince Ribbit (D:8)
  A meliai (Lair:2)
  7 tarantellas
  Sigmund (D:6)
  9 jumping spiders
  9 culicivoras
  A wraith (D:10)
  14 yaks
  2 wyverns
  A basilisk (Lair:1)
  19 redbacks
  A steam dragon (D:7)
  An acid dragon (D:9)
  2 water moccasins (Lair:1)
  An orc warrior (D:10)
  3 black bears
  2 ogres (D:4)
  3 ice beasts (D:7)
  A wolf (D:8)
  4 centaurs
  3 kobold brigands
  4 bullfrogs
  10 wights
  5 killer bees (Lair:2)
  3 howler monkeys
  A gnoll bouda (D:10)
  5 hounds
  8 orc priests
  A jelly (D:5)
  2 sleepcaps
  An iguana (D:6)
  3 orc wizards
  9 gnolls
  6 adders
  A shadow imp (D:7)
  A white imp (D:8)
  An ufetubus (D:5)
  3 worms (D:2)
  2 dart slugs
  26 orcs
  5 endoplasms
  A giant cockroach (D:1)
  3 goblins
  6 hobgoblins
  25 kobolds
  A quokka (D:4)
  9 ball pythons
  4 bats
  A frilled lizard (D:2)
  6 rats
264 creatures vanquished.

Vanquished Creatures (collateral kills)
  A pharaoh ant (Spider:1)
  2 wolf spiders
  A moth of wrath (Spider:2)
  Maggie (D:8)
  A kobold demonologist (D:10)
  3 tarantellas
  2 culicivoras (Spider:1)
  8 yaks
  2 redbacks
  Grum (D:8)
  An acid dragon (D:10)
  2 water moccasins
  A wolf (D:8)
  A bullfrog (Lair:1)
  2 orc priests
  A jelly (D:5)
  2 gnolls (D:10)
  2 ufetubi
  6 orcs
  A goblin zombie (D:5)
  A quokka zombie (D:5)
42 creatures vanquished.

Grand Total: 306 creatures vanquished

Notes
Turn   | Place    | Note
-------+----------+-------------------------------------------
     0 | D:1      | draconitix the Minotaur Berserker began the quest for the
                  | Orb.
     0 | D:1      | Reached XP level 1. HP: 19/19 MP: 0/0
   126 | D:1      | Reached skill level 4 in Axes
   148 | D:1      | Found Ihofakh's Book Shoppe.
   161 | D:1      | Reached XP level 2. HP: 25/27 MP: 1/1
   428 | D:1      | Reached ** piety under Trog
   757 | D:2      | Reached skill level 5 in Axes
   763 | D:2      | Reached XP level 3. HP: 33/33 MP: 2/2
  1414 | D:3      | Reached XP level 4. HP: 40/40 MP: 3/3
  1422 | D:3      | You fall into a shaft and drop 1 floor!
  1504 | D:4      | Reached skill level 6 in Axes
  1518 | D:4      | Reached XP level 5. HP: 46/46 MP: 4/4
  1633 | D:4      | Identified a scroll of acquirement
  1633 | D:4      | Acquired the +16 obsidian axe {drain, demonic, Mesm Drain
                  | Fly SInv}
  1633 | D:4      | Found the +16 obsidian axe {drain, demonic, Mesm Drain Fly
                  | SInv}
  1661 | D:4      | Reached *** piety under Trog
  1679 | D:4      | Reached skill level 7 in Axes
  1853 | D:4      | Noticed an ogre
  1859 | D:4      | Killed an ogre
  1860 | D:4      | Reached skill level 8 in Axes
  1860 | D:4      | Reached XP level 6. HP: 40/52 MP: 5/5
  1946 | D:4      | Reached skill level 9 in Axes
  2305 | D:5      | Entered Level 5 of the Dungeon
  2337 | D:5      | Reached XP level 7. HP: 54/58 MP: 6/6
  2370 | D:5      | Reached skill level 10 in Axes
  2466 | D:5      | Found a sand-covered staircase.
  2608 | D:6      | Noticed Sigmund
  2616 | D:6      | Killed Sigmund
  2616 | D:6      | Noticed a neqoxec
  2617 | D:6      | Reached skill level 11 in Axes
  2621 | D:6      | Reached XP level 8. HP: 66/66 MP: 7/7
  2822 | D:6      | Found Awkeh's Magic Scroll Boutique.
  2907 | D:6      | Bought a scroll of identify for 28 gold pieces
  2907 | D:6      | Bought a scroll of enchant armour for 105 gold pieces
  2907 | D:6      | Bought a scroll of teleportation for 42 gold pieces
  2940 | D:6      | Reached **** piety under Trog
  2941 | D:6      | Reached skill level 12 in Axes
  3348 | D:7      | Reached skill level 13 in Axes
  3438 | D:7      | Reached skill level 14 in Axes
  3535 | D:7      | Reached XP level 9. HP: 71/71 MP: 8/8
  3658 | D:7      | Reached ***** piety under Trog
  3830 | D:7      | Reached skill level 15 in Axes
  3909 | D:7      | Found a staircase to the Ecumenical Temple.
  4125 | D:8      | Noticed Maggie
  4131 | D:8      | Killed Maggie
  4136 | D:8      | Noticed Grum
  4139 | D:8      | Killed Grum
  4140 | D:8      | Reached skill level 16 in Axes
  4453 | D:8      | Reached skill level 17 in Axes
  4506 | D:8      | Noticed Erica
  4512 | D:8      | Killed Erica
  4513 | D:8      | Reached XP level 10. HP: 66/78 MP: 9/9
  4680 | D:8      | Noticed Prince Ribbit
  4686 | D:8      | Killed Prince Ribbit
  4912 | D:8      | Reached skill level 18 in Axes
  4914 | D:8      | Received a gift from Trog
  4955 | D:9      | Noticed Gastronok
  4964 | D:9      | Killed Gastronok
  4965 | D:9      | Reached skill level 19 in Axes
  5325 | D:9      | Reached XP level 11. HP: 80/83 MP: 10/10
  5348 | D:9      | Found Xeery's Assorted Antiques.
  5598 | D:10     | Entered Level 10 of the Dungeon
  5678 | D:10     | Reached skill level 20 in Axes
  5824 | D:10     | Found Tourajacs's Magic Scroll Shoppe.
  5832 | D:10     | Bought 2 scrolls of identify for 52 gold pieces
  5832 | D:10     | Bought a scroll of blinking for 97 gold pieces
  5938 | D:10     | Found a staircase to the Lair.
  5948 | Lair:1   | Entered Level 1 of the Lair of Beasts
  6033 | Lair:1   | Reached skill level 5 in Fighting
  6041 | Lair:1   | Received a gift from Trog
  6044 | Lair:1   | Reached skill level 5 in Armour
  6277 | Lair:1   | Found a shimmering altar of Xom.
  6500 | Lair:2   | Found a hole to the Spider Nest.
  6527 | Spider:1 | Entered Level 1 of the Spider Nest
  6527 | Spider:1 | Noticed an orb spider
  6553 | Spider:1 | Killed an orb spider
  7235 | Spider:1 | Reached XP level 12. HP: 79/104 MP: 11/11
  7455 | Spider:1 | Noticed an entropy weaver
  7458 | Spider:1 | Noticed an entropy weaver
  7469 | Spider:1 | Killed an entropy weaver
  7470 | Spider:1 | Reached skill level 10 in Fighting
  7471 | Spider:1 | Killed an entropy weaver
  7472 | Spider:1 | Reached skill level 10 in Armour
  8883 | Spider:1 | Found a runed translucent door.
  8885 | Spider:1 | Noticed mkat's ghost (journeyman SpSu)
  8885 | Spider:1 | Noticed a jorogumo
  9373 | Spider:2 | Noticed a boulder beetle
  9387 | Spider:2 | Killed a boulder beetle
  9387 | Spider:2 | Received a gift from Trog
  9482 | Spider:2 | Reached XP level 13. HP: 109/119 MP: 12/12
  9494 | Spider:2 | Slain by a redback

Illustrated notes

Levels and vault maps discovered:
D:1:      dpeg_arrival_round_b, layout_basic, serial_shops, shop
D:2:      layout_loops_ring, minmay_tromino_v4_a
D:3:      gammafunk_steamed_eel, layout_loops_corners, minmay_between,
          uniq_grinder, uniq_ijyb
D:4:      layout_basic, kennysheep_orc_chapel
D:5:      layout_loops_ring, mainiacjoe_overflow_tiny_flanked,
          nicolae_overflows_in_rows, enter_ossuary_4, dk_noncrumbling_2,
          grunt_ministairs_13, minmay_misc_feat_roman
D:6:      layout_cave_pools, serial_shops, nicolae_shop_statue_plus,
          minivault_26, uniq_sigmund
D:7:      layout_rooms, temple_hall, dreamdust_gnoll_farm
D:8:      layout_basic, uniq_prince_ribbit1, uniq_erica, uniq_grum, uniq_maggie
D:9:      wad_statue_garden, layout_basic, mainiacjoe_overflow_alcove_2,
          orc_0_dummy, serial_shops, shop, uniq_harold, uniq_gastronok
D:10:     layout_basic, grunt_lair_entry_orc_guard_hut, serial_shops, shop,
          nicolae_shop_rolled_up
Lair:1:   layout_gridlike, basic_altar, nicolae_lair_grazing_beasts
          [nicolae_sub_lair_graze_edge, nicolae_sub_lair_graze_edge,
          nicolae_sub_lair_graze_edge, nicolae_sub_lair_graze_edge]
Lair:2:   layout_gridlike, shoals_dummy_entry,
          hellmonk_spider_entry_not_the_bees, grunt_megastairs_4,
          infiniplex_staircase_pool_2
Spider:1: layout_chambers, ebering_ghost_inner_flame, drop_trap
Spider:2: layout_spider_delve

Skill      XL: |  1  2  3  4  5  6  7  8  9 10 11 12 |
---------------+-------------------------------------+-----
Axes           | 4 5 6 8 9 11 14 17 19 20 | 20.0
Fighting       | 9 12 | 12.8
Armour         | 8 12 | 12.5
Dodging        | |  2.2

Action                     |  1- 3 |  4- 6 |  7- 9 | 10-12 | 13-15 || total
---------------------------+-------+-------+-------+-------+-------++-------
  Melee: Hand axe          |    83 |    22 |       |       |       ||   105
         Headbutt          |    15 |     1 |    14 |    40 |       ||    70
         Punch             |     1 |       |     1 |     2 |       ||     4
         Broad axe         |       |    17 |    94 |   259 |     6 ||   376
 Invoke: Berserk           |       |     3 |     5 |     7 |       ||    15
         Trog's Hand       |       |       |       |       |     1 ||     1
    Use: Scroll            |     5 |     2 |     4 |     2 |       ||    13
         Potion            |       |       |       |     3 |     1 ||     4
   Stab: Distracted        |       |       |       |     3 |       ||     3
 Armour: Animal skin       |     5 |       |       |       |       ||     5
         Chain mail        |    18 |    12 |    27 |    89 |     8 ||   154
  Dodge: Dodged            |    51 |    21 |    93 |   159 |    19 ||   343
         Repelled          |       |       |     1 |     1 |       ||     2
